cohdb
Replays
Latest Replays
All Replays
Popular Replays
Top Player Replays
Match Explorer
How It Works
Community
CoH3 Stats
Reddit
Sign in to upload your games and track your stats! →
Sign in with Steam
Match 45596360
Unlisted
Match 45596360
Overview
Messages
Build Orders
End
Panzergrenadier Squad
Kradschützen Motorcycle Team
Panzergrenadier Squad
Construct Light Support Kompanie
2.5-tonne Medical Truck
2.5-tonne Medical Truck
Selects Panzerjäger Kommand Battlegroup
Selects Mine Fields
Selects Tank Busters
Panzerjäger Mechanized Group
Fire Support Elements
Flakvierling Half-track
Selects Defensive Positions
Panzergrenadier Squad
Daeakdang
白象火鸡面真好吃
Danh Vo
ganxuezhao1
Jonesy
Mochi_flamer
A2O
Hello
0
0
Comments
sign in to comment!
No comments posted yet!